[Event "FIDE WSTC Open 50 2025"]
[Site "Prague"]
[Date "2025.02.17"]
[Round "1.25"]
[White "Lima, Darcy"]
[Black "Haba, Petr"]
[Result "1-0"]
[Annotator "TA"]
[ECO "A11"]
[WhiteElo "2378"]
[BlackElo "2442"]
[PlyCount "133"]
[EventDate "2025.02.17"]
[EventType "team-tourn"]
[EventCountry "CZE"]
[SourceTitle "playchess.com"]
[Source "ChessBase"]
[SourceQuality "1"]
[TimeControl "40/5400+30:1800+30"]

1. c4 c6 2. Nf3 d5 3. g3 dxc4 4. Bg2 Nd7 5. Na3 Nb6 6. Qc2 {[%emt 0:00:32] A11: English Opening: 1...c6.} g6 7. Nxc4 Nxc4 8. Qxc4 {[%emt 0:00:10] The position is equal.} Bg7 {[%emt 0:00:04] Prevents Ne5} 9. d4 Nf6 10. O-O O-O 11. Re1 Ne4 12. Qc2 Nd6 13. Bf4 Nb5 14. Rad1 $146 (14. Red1 Bf5 15. Qc5 Qb6 16. Qxe7 Nxd4 17. Nxd4 Bxd4 18. Rxd4 Qxd4 19. Be5 Qd8 20. Qxb7 {½-½ Apaydin,F (2260)-Solodovnichenko,Y (2561) Ayvalik Argistra 2022 (7)}) 14... Bf5 15. e4 Bg4 16. d5 Bxf3 17. Bxf3 Nd4 18. Qd3 cxd5 19. exd5 Nxf3+ 20. Qxf3 Qd7 21. Be5 Rfe8 22. Bxg7 Kxg7 23. Re5 Rad8 24. Rde1 Qd6 25. h4 Qf6 (25... h5 $11) 26. Qe3 $14 a6 27. h5 (27. Rxe7 Rxe7 28. Qxe7 Rxd5 $11) 27... gxh5 28. Rxh5 (28. Rxe7 Rxe7 29. Qxe7 Rxd5 30. Qxf6+ Kxf6 $15) 28... h6 29. Kg2 {[%emt 0:03:45][%csl Oh6] White attacks a weakness White is more active.} Rd6 30. Reh1 Rh8 (30... Qg6 $16 31. R1h4 Rf6) 31. R1h4 $18 {[%emt 0:03:22] [#]} Kf8 (31... Re8 $142 32. Re5 (32. Rxh6 Qxh6 33. Rxh6 Rxh6 $16) 32... Kf8) 32. b4 Qb2 $2 (32... Qg6 $16 33. Re5 Rd7) 33. Rc4 (33. Rxh6 Rhxh6 34. Rxh6 Rxd5 $16) 33... Qf6 {[%emt 0:06:27] Prevents Rf5} 34. Rc7 Rg8 35. Re5 $40 {[%emt 0:05:51][%cal Re5e7][%mdl 128] White wants a kill.} Rg5 36. f4 (36. Rcxe7 Rxd5 37. Rxd5 Rxd5 (37... Qxe7 $2 38. Qd4 $18) 38. Rxb7 Kg7) (36. Rexe7 $18 Rgxd5 37. Rxb7) 36... Rxd5 $14 37. Rexe7 Rgf5 $2 {[%emt 0:04:58] Black is on the road to losing.} ({Black should play} 37... Qb2+ $14 38. Kf3 Rdf5) 38. Rxf7+ $18 (38. Rxb7 Qc6 39. Kh3 Rb5 $17) 38... Qxf7 39. Rxf7+ Rxf7 {[%emt 0:01:21][%mdl 4096] Endgame KQ-KRR} 40. Qe6 Rd2+ 41. Kh3 Kg7 42. f5 {[%emt 0:00:00] [#]} Rdd7 43. Kg4 Rc7 $2 (43... Rd1 {is a better defense.} 44. Qg6+ Kf8 45. Qxh6+ Rg7+ 46. Kf4 Kg8 47. Qe6+ Kh7) 44. Qg6+ Kf8 {[%emt 0:00:00] Threatens to win with ...Rg7.} 45. Qxh6+ Kg8 46. Qe6 {[%emt 0:00:00] Dodges Rc4+} Rce7 47. Qc8+ Kh7 48. Kf4 Re1 $2 (48... Rd7 49. Qc4 Rf6) 49. Qc4 Rd7 50. g4 Red1 51. Ke5 b5 52. Qc6 Re7+ 53. Kf6 Rg7 54. Qg2 (54. Qxa6 Rd8 55. Qxb5 Rxg4 $18) (54. g5 $142 Rg1 55. Qe4 (55. Qxa6 R1xg5 56. Qxb5 Rg4 $18) 55... R7xg5 56. Qh4+ Kg8 57. Qxg5+ Rxg5 58. Kxg5) 54... Rd6+ 55. Ke5 Rh6 56. Qg3 (56. f6 $142 Rg8 57. Qe4+ Kh8 58. Qf4 (58. Kf5 a5 $18)) 56... Re7+ 57. Kd5 Rd7+ 58. Kc5 Rf6 59. Qh3+ Rh6 60. Qg3 Rf6 61. Qf4 {[%emt 0:00:42] Black must now prevent g5.} Rdf7 62. Kd5 Kg7 63. Qe5 Kf8 64. Qb8+ Kg7 65. Qe5 {[%emt 0:00:16] Threatening mate with g5.} Kf8 $1 66. Qc3 Ke7 67. Ke5 {[%emt 0:00:56] Weighted Error Value: White=0.60/Black=0.49  Loses game:     	---       	Black=2      Missed win:     	White=1     	---        Mistake:       	White=1     	Black=5      Inaccurate:     	White=5     	Black=6      OK:         	White=14    	Black=12     Best:        	White=4     	Black=2} 1-0

[Event "FIDE WSTC Open 50 2025"]
[Site "Prague"]
[Date "2025.02.17"]
[Round "1.26"]
[White "Jirovsky, Milos"]
[Black "Peixoto, Rudson Marinho"]
[Result "1-0"]
[Annotator "TA"]
[ECO "A14"]
[WhiteElo "2410"]
[BlackElo "1948"]
[PlyCount "85"]
[EventDate "2025.02.17"]
[EventType "team-tourn"]
[EventCountry "CZE"]
[SourceTitle "playchess.com"]
[Source "ChessBase"]
[SourceQuality "1"]
[TimeControl "40/5400+30:1800+30"]

1. Nf3 Nf6 2. c4 e6 3. g3 d5 4. Bg2 Be7 5. O-O O-O 6. Qc2 (6. d4 $11) 6... Nc6 {[%emt 0:01:17] A14: English Opening: 1...e6 with b3 by White.} (6... d4 $15) 7. d4 $11 h6 8. Rd1 Bd7 (8... Nb4 $11 9. Qb3 dxc4 10. Qxc4 e5) 9. Nbd2 Nb4 $146 (9... Qc8 10. e4 Nb4 11. Qb1 c5 12. e5 Nh7 13. a3 Nc6 14. dxc5 Bxc5 15. b4 Bb6 {1-0 Gnevyshev,V (1662)-Khamli,Y (1594) Wch Amateurs U1700 2024 (2)}) 10. Qb1 a5 11. a3 Na6 12. Ne5 Be8 13. b3 c5 14. Bb2 {[%emt 0:01:34] White is more active.} Qb6 {[%emt 0:00:18] [#]} (14... a4 $142) 15. cxd5 $1 $16 exd5 16. dxc5 ({White should play} 16. e4 $16) 16... Bxc5 (16... Nxc5 $11 {remains equal.} 17. e3 Ne6) 17. Nd3 Bd4 18. Bxd4 Qxd4 19. Nf4 Nc7 {[%emt 0:08:58] [#]} 20. Ne4 $1 Qe5 21. Nxf6+ Qxf6 22. Nxd5 Nxd5 23. Bxd5 Bc6 24. Bxc6 Qxc6 25. Qf5 Qb6 26. Rd3 Rfe8 27. e3 g6 28. Qf4 Rad8 29. Rad1 h5 30. Qa4 Kf8 31. b4 axb4 {[%emt 0:00:25][%mdl 8192] Black cannot hold the game after this.} (31... Rxd3 $16 32. Rxd3 Re4) 32. Rxd8 $18 (32. Qxb4+ Qxb4 33. axb4 Rxd3 34. Rxd3 Re4 $16) ({Not} 32. axb4 Rxd3 33. Rxd3 Rc8 $16) 32... Rxd8 33. Qxb4+ Qxb4 34. Rxd8+ Ke7 35. axb4 Kxd8 {[%emt 0:00:09][%mdl 4096] Endgame KP-KP. White is a pawn up.} 36. Kf1 Kc7 37. Ke2 Kb6 (37... Kc6 $142 38. Kd3 g5) 38. Kd3 Kb5 39. Kc3 f5 40. h4 Kc6 41. Kc4 {[%emt 0:30:09] White wants to mate with f3.} b5+ 42. Kd4 Kd6 43. f3 {[%emt 0:00:05] Weighted Error Value: White=0.12 (very precise) /Black=0.86  Loses game:     	---       	Black=1      Mistake:       	White=1     	Black=3      Inaccurate:     	White=2     	Black=3      OK:         	White=10    	Black=5      Best:        	White=1     	---        Strong:       	White=1     	---} 1-0

[Event "FIDE WSTC Open 50 2025"]
[Site "Prague"]
[Date "2025.02.17"]
[Round "1.27"]
[White "Franca Junior, Jairo"]
[Black "Zvara, Petr"]
[Result "0-1"]
[Annotator "TA"]
[ECO "B17"]
[WhiteElo "1898"]
[BlackElo "2330"]
[PlyCount "138"]
[EventDate "2025.02.17"]
[EventType "team-tourn"]
[EventCountry "CZE"]
[SourceTitle "playchess.com"]
[Source "ChessBase"]
[SourceQuality "1"]
[TimeControl "40/5400+30:1800+30"]

1. e4 c6 2. d4 d5 3. Nc3 dxe4 4. Nxe4 Nd7 5. Nf3 Ngf6 6. Nxf6+ Nxf6 7. Bd3 Bg4 8. c3 e6 9. h3 Bh5 10. Qe2 {[%emt 0:00:37] B17: Caro-Kann: Modern Line (4...Nd7).} Qd5 11. Bf4 (11. g4 $11 Bg6 12. O-O) 11... Bxf3 $15 12. Qxf3 {[%emt 0:01:32] Black has an edge.} Qxf3 13. gxf3 Be7 $146 ({Predecessor:} 13... g6 14. O-O-O Bg7 15. a4 a6 16. a5 O-O 17. Bd6 Rfd8 18. Be7 Rd7 19. Bxf6 Bxf6 20. Kc2 Rad8 {1-0 Rosh,J (2071)-Kashefi,A (2118) Titled Tuesday intern op 07th Jan Early blitz 2025 (3)}) 14. Rg1 g6 15. O-O-O Nd5 16. Be5 Bf6 17. Rge1 Bxe5 18. Rxe5 O-O-O 19. a3 Rd7 20. h4 h5 21. Ree1 Rhd8 22. Bf1 Kc7 23. Kc2 b6 24. Bc4 Ne7 25. Bd3 c5 26. dxc5 bxc5 27. Re4 Nf5 28. Ra4 Kb6 29. Ra6+ Kb7 30. Ra4 Kb8 31. Be2 Rxd1 32. Bxd1 $11 {[%emt 0:00:11][%mdl 4096] Endgame KRB-KRN} Rd5 33. Be2 Nd6 34. f4 (34. Bd3 $11 {remains equal.}) 34... Nf5 $1 $17 35. Bf3 {[%emt 0:07:33] [#]} Rd7 36. Ra5 {[%emt 0:01:40] [#]} Rc7 $1 37. Kd3 (37. Rb5+ $2 Kc8 38. Kb1 Nxh4 $19) 37... Nxh4 38. Be4 Nf5 39. b4 Rd7+ 40. Ke2 cxb4 41. axb4 Nd6 42. Bc6 Rc7 43. Ra6 Nc8 44. Kd3 Ne7 {[%emt 0:00:00] Repels c4} 45. Be4 Rd7+ 46. Ke2 (46. Ke3 $17) 46... Nd5 $19 47. Bxd5 Rxd5 {[%emt 0:00:00] KR-KR. Black is a pawn up.} (47... exd5 48. f5 $15) 48. Ke3 Kb7 49. Ra1 a6 (49... Rb5 $19 50. Rd1 Kc7) 50. c4 $17 Rd8 51. Ra3 (51. Rh1 $17) 51... Rd1 $19 52. Rb3 Kb6 53. Ke4 Re1+ 54. Kd4 Re2 {[%emt 0:00:00] Prevents Rb2.} 55. b5 (55. Rf3 {might work better.}) 55... axb5 (55... Rxf2 56. c5+ Kc7 57. b6+ Kb8 58. Rc3 $15 (58. c6 Rc2 $17)) 56. Rxb5+ Kc6 57. f3 Rf2 58. Ke3 Rf1 59. Ra5 h4 (59... Rb1 $19 60. Kd4 Rf1) 60. Ke2 $2 {[%emt 0:02:39] Loses the game.} (60. Ra8 $17) 60... Rc1 61. Kd3 $2 (61. Kf2) 61... h3 {[%emt 0:00:28] ( -> ...h2)} 62. Ra2 Rh1 {[%emt 0:00:08] and ...h2 would now be decisive Against Rh2} 63. Ke3 h2 64. Re2 Kc5 (64... f5 $142 65. c5 Kxc5 66. Rc2+ Kb4 67. Rb2+ Ka3 68. Rxh2 Rxh2 69. Kd4 Rh3 70. Ke3 Rh4 71. Kd4 Rxf4+ 72. Ke5 Rxf3 73. Kf6 Kb4 74. Kg7 f4 75. Kxg6 Rd3 76. Kg7 f3 77. Kg8 f2 78. Kf8 f1=Q+ (78... f1=R+ {gets mated.} 79. Ke7 Kc5 80. Kxe6 Re3+ 81. Kd7 Rf8 82. Kc7 Re7#) 79. Ke8 Qf4 80. Ke7 Qf5 81. Ke8 Qh7 82. Kf8 Rd8#) 65. Ke4 Kxc4 {[%emt 0:03:51] ( -> ...Rc1)} 66. Rc2+ Kb3 67. Re2 {[%emt 0:00:06] Prevents Re1.} Kc3 {[%emt 0:00:19] ( -> ...Rd1)} 68. Ke5 Kd3 69. Re4 Ra1 {[%emt 0:00:14] Weighted Error Value: White=0.20 (precise) /Black=0.08 (flawless)   Loses game:     	White=1     	---        Mistake:       	White=6     	Black=2      Inaccurate:     	White=2     	Black=1      OK:         	White=17    	Black=23     Best:        	White=1     	Black=4      Strong:       	---       	Black=2} 0-1

[Event "FIDE WSTC Open 50 2025"]
[Site "Prague"]
[Date "2025.02.17"]
[Round "1.28"]
[White "Konopka, Michal"]
[Black "Serafim Junior, Arnor"]
[Result "1-0"]
[Annotator "TA"]
[ECO "E68"]
[WhiteElo "2326"]
[BlackElo "1782"]
[PlyCount "55"]
[EventDate "2025.02.17"]
[EventType "team-tourn"]
[EventCountry "CZE"]
[SourceTitle "playchess.com"]
[Source "ChessBase"]
[SourceQuality "1"]
[TimeControl "40/5400+30:1800+30"]

1. Nf3 Nf6 2. c4 g6 3. g3 Bg7 4. Bg2 O-O 5. O-O d6 6. d4 Nbd7 7. Nc3 e5 8. e4 Re8 9. h3 a6 10. Re1 Rb8 11. a4 exd4 12. Nxd4 Nc5 {[%emt 0:00:59] E68: King's Indian: Fianchetto: 6...Nbd7 7 0-0 e5 8 e4.} 13. a5 h6 (13... Nfd7 $11 {might be stronger.}) 14. f3 $146 (14. Ra3 $14) ({Predecessor:} 14. Ra3 Ne6 15. Nc2 Ng5 16. Kh2 Be6 17. f4 Ngh7 18. Nd5 c6 19. Nb6 Nd7 20. Nxd7 Qxd7 {1-0 Inarkiev,E (2688)-Svidler,P (2743) Sochi Tal Memorial Blitz 2014 (4)}) 14... Bd7 (14... Nfd7 $11) 15. Be3 $14 Ne6 16. Nde2 Bc6 (16... g5 $14) 17. Qd2 $16 Kh7 18. b4 Bd7 19. Ra2 Qe7 20. Rc2 c6 (20... Rbc8 $142 21. Rcc1 b5) 21. Rcc1 ({White should try} 21. Rd1) 21... Red8 (21... c5 $16 {is a better defense.}) 22. Bb6 $18 Rdc8 23. Rcd1 {[%emt 0:00:54][%cal Of3f4] White has more active pieces.} Ne8 {[%emt 0:00:32] [#] A mistake that costs the game.} (23... c5 $16) 24. c5 $1 Bf8 (24... d5 25. exd5) 25. cxd6 (25. f4 $142) 25... Qf6 $2 (25... Nxd6 26. e5 Nc4 27. Qxd7 Qxd7 28. Rxd7 Nxe5) 26. f4 {[%emt 0:00:48] White is clearly winning.} N6g7 {[%emt 0:03:28] Black is weak on the dark squares} (26... Qh8 $142 27. e5 Rd8) 27. e5 Qe6 28. Nd4 {[%emt 0:03:00] Weighted Error Value: White=0.23 (precise) /Black=0.80  Mistake:       	White=3     	Black=8      Inaccurate:     	---       	Black=1      OK:         	White=6     	Black=2      Best:        	White=1     	---} 1-0

[Event "FIDE WSTC Open 50 2025"]
[Site "Prague"]
[Date "2025.02.17"]
[Round "1.29"]
[White "Bischoff, Klaus"]
[Black "Rogowski, Jaroslaw"]
[Result "1-0"]
[Annotator "TA"]
[ECO "D51"]
[WhiteElo "2432"]
[BlackElo "2039"]
[PlyCount "49"]
[EventDate "2025.02.17"]
[EventType "team-tourn"]
[EventCountry "CZE"]
[SourceTitle "playchess.com"]
[Source "ChessBase"]
[SourceQuality "1"]
[TimeControl "40/5400+30:1800+30"]

1. d4 d5 2. c4 e6 3. Nc3 Nf6 4. Bg5 Nbd7 5. cxd5 exd5 6. e3 c6 7. Bd3 Be7 8. h3 Nf8 9. Qc2 Ne6 10. Bh4 g6 11. Nf3 O-O {[%emt 0:05:22] D36: Queen's Gambit Declined: Exchange Variation: Main line (5 Bg5 c6 6 Qc2).} 12. O-O-O {[%emt 0:01:29] has lost popularity (12.0-0).} Nd7 (12... c5 $11) 13. Bg3 f5 $146 {[%emt 0:02:32] White has an edge.} (13... Nf6 14. Kb1 c5 15. dxc5 Nxc5 16. Nd4 Bd7 17. f3 Rc8 18. Qd2 Nxd3 19. Qxd3 Bc6 {1-0 Alekseev,V-Genchev,M (2259) Champion's League 2017/C3 email [2]}) 14. Kb1 b5 (14... Nf6 $14) 15. h4 {[%emt 0:05:47] h5 would now be deadly. White is more active.} Nf6 16. Ne5 Bd7 {[%emt 0:00:01] [#]} (16... Qe8 $16 {might work better.}) 17. h5 $1 $18 Be8 (17... Nxh5 18. Rxh5 b4) 18. hxg6 {[%emt 0:00:28] White is clearly winning.} hxg6 19. Ne2 Rc8 (19... Ne4 $142 20. Bxe4 (20. Nxc6 Bxc6 21. Qxc6 Qb6 $18) 20... dxe4 21. Nxc6 Bxc6) 20. Nf4 Nxf4 21. Bxf4 Nh5 22. Bh6 Rf6 23. g4 fxg4 24. Bxg6 Bxg6 25. Nxg6 {[%emt 0:00:07] Weighted Error Value: White=0.14 (very precise) /Black=0.81  Mistake:       	---       	Black=5      Inaccurate:     	White=2     	Black=1      OK:         	White=2     	Black=2      Best:        	White=1     	---        Strong:       	White=1     	---} 1-0

[Event "FIDE WSTC Open 50 2025"]
[Site "Prague"]
[Date "2025.02.17"]
[Round "1.30"]
[White "Ograbek, Grzegorz"]
[Black "Schulz, Klaus-Juergen"]
[Result "0-1"]
[Annotator "TA"]
[ECO "D20"]
[WhiteElo "2085"]
[BlackElo "2345"]
[PlyCount "164"]
[EventDate "2025.02.17"]
[EventType "team-tourn"]
[EventCountry "CZE"]
[SourceTitle "playchess.com"]
[Source "ChessBase"]
[SourceQuality "1"]
[TimeControl "40/5400+30:1800+30"]

1. d4 d5 2. c4 dxc4 3. e3 Nf6 4. Bxc4 e6 5. Nf3 a6 6. a4 c5 7. O-O Nc6 8. Qe2 Qc7 9. Rd1 Be7 10. Nc3 O-O 11. e4 Ng4 {[%emt 0:15:47] D27: Queen's Gambit Accepted: Classical main line: 7 e4!? and 7 a4.} 12. g3 (12. e5 $15) 12... cxd4 $17 {[%emt 0:28:24][%csl Od4] Black has a strong passed pawn} 13. Bf4 (13. Nxd4 Nxd4 14. Rxd4 Bc5 $17) 13... e5 (13... Qa5 $1 $17 14. Nxd4 Nxd4 15. Rxd4 Qh5 (15... Bc5 $2 16. Rd2 $17)) 14. Nd5 $15 Qd8 15. Bd2 Nf6 16. a5 $146 ({Predecessor:} 16. Ne1 Be6 17. Nxf6+ Bxf6 18. Bxe6 fxe6 19. Nd3 Be7 20. Rac1 Rc8 21. Qg4 Qd7 22. h4 {1-0 Grigoriadis,A (2417)-Panagiotopoulos,A (2197) Athens Acropolis op 2008 (5)}) 16... Bg4 17. Qd3 Bd6 18. Rdc1 Rb8 19. Ne1 (19. Bg5 $142) 19... Nxd5 $17 20. exd5 (20. Bxd5 $17 Qd7 21. f4) 20... Ne7 $19 21. f3 Bf5 22. Qe2 Re8 23. Nd3 Ng6 ({Black should play} 23... Rc8 $19 24. Bb3 Rxc1+ 25. Rxc1 Bd7) 24. Nf2 $17 Bd7 25. Ne4 Bf8 (25... Qe7 $17) 26. Bg5 (26. h4 $11) 26... Be7 (26... f6 $5 27. Bd2 Kh8 $14) 27. Bd2 h6 28. g4 (28. d6 $11 Bg5 29. Bxg5 hxg5 30. Bd5) 28... Bf8 29. Kh1 Kh7 30. Ng3 ({Better is} 30. b4 $15) 30... Nf4 (30... Kh8 $17 31. Qe4 Nh4) 31. Qe4+ $11 Ng6 32. Re1 (32. Qe2 $1 $11 {remains equal.}) 32... Bb5 (32... Kg8 $17 33. b3 Nh4) 33. Bxb5 $15 axb5 34. a6 Qb6 $2 (34... bxa6 $15 {keeps the upper hand.} 35. Rxa6 b4) 35. Ba5 (35. h4 $16) 35... Qd6 (35... Qxa6 $11 36. Bc7 Qf6) 36. Nf5 {[%emt 0:00:20][%mdl 1024] White has strong compensation.} Qd7 37. a7 {[%emt 0:00:14] White plays on the queen side and is better} Ra8 38. Bb6 Rec8 (38... Kg8 $16) 39. Rec1 $18 Rc4 40. b3 Rc3 {[%emt 0:00:15] [#]} 41. f4 exf4 {[%emt 0:31:31] [#]} (41... Rxc1+ $1 $14 42. Rxc1 Nxf4) 42. Bxd4 $2 ({Only move:} 42. d6 $1 $16) 42... Re8 $1 $11 (42... Rxb3 $2 43. d6 Bxd6 44. Qd5 $18 (44. Bxg7 Ba3 $14)) 43. Qg2 $1 (43. a8=R $2 Rxc1+ (43... Rxe4 $2 44. Rxc3 Qxd5 45. Kg1 $19) 44. Rxc1 Rxe4 $19) 43... f3 {[%emt 0:00:00] The board is on fire.} (43... Rxb3 $2 44. d6 (44. a8=R Rxa8 45. Rxa8 f3 $18) 44... Rd3 45. Rc7 $18 (45. a8=R Rxa8 46. Rxa8 Qe6 $18) (45. a8=B f3 $11)) 44. Qf2 Rxc1+ (44... Rxb3 $6 45. a8=Q (45. a8=R Re2 $11) 45... Rxa8 46. Rxa8 Qxd5 47. Rf1 $18) 45. Rxc1 Qxd5 46. Be3 $2 (46. Rf1 $11 {and White stays safe.}) 46... Ne5 $19 (46... Qxb3 47. Qxf3 Qa3 48. Rf1 $11) 47. Rf1 Nxg4 48. Qxf3 Nxe3 49. Nxe3 Qxf3+ (49... Qxb3 50. Qf5+ Kh8 (50... Kg8 51. Nd5 $16) 51. Nd5 $11) 50. Rxf3 {[%emt 0:00:07][%mdl 4096] Endgame KRB-KRN. Black is two pawns up.} Bc5 51. Nd5 (51. Rxf7 $142 Bxa7 (51... Bxe3 52. Re7 $11) 52. Nf5) 51... Bxa7 52. Rxf7 Re5 53. Rd7 Bc5 54. Kg2 b4 55. Kf3 b6 56. Nf6+ Kg6 57. Ne4 Rf5+ 58. Kg2 Rf4 59. Ng3 (59. Nd2 {keeps fighting.}) 59... Rf2+ 60. Kh3 Rc2 (60... Rf3 61. Kg4 Re3 (61... Rxb3 $2 62. Nh5 $19) 62. Nh5 Re4+ (62... Rxb3 63. Rxg7#) 63. Kf3 $19) 61. Ne4 Kf5 62. Ng3+ Kg6 63. Ne4 Re2 64. Nd2 Kf6 65. Nc4 Bg1 66. Rd6+ Ke7 67. Rg6 Rxh2+ ({Weaker is} 67... Bxh2 68. Rxg7+ Kf6 69. Rb7 $19) 68. Kg3 Rc2 69. Rxg7+ Kf6 70. Rd7 Bc5 {[%emt 0:00:58] Prevents Rd6+.} 71. Nxb6 $2 (71. Kg4) 71... Bxb6 {KRB-KR} 72. Rd6+ Kg5 73. Rxb6 {[%emt 0:00:06] KR-KR. Black is a pawn up.} (73. Rd5+ $142 Kg6 74. Rd6+ Kg7 75. Rxb6) 73... Rc3+ 74. Kf2 Rxb3 {[%emt 0:00:05] Hoping for ...h5.} 75. Kg2 h5 76. Rb8 h4 77. Rg8+ Kf4 {[%emt 0:00:08] ( -> ...Rg3+)} 78. Rh8 {[%emt 0:00:15] [#]} h3+ $1 79. Kh2 (79. Kf2 Rf3+) 79... Ke4 (79... Ke5 $142 80. Rb8 Kd5 81. Rd8+ Kc4 82. Rc8+ Kd3) 80. Rh4+ Kd5 81. Rh5+ Kc4 82. Rh4+ Kb5 {[%emt 0:00:09] What a bad dream for White.   Weighted Error Value: White=0.42/Black=0.32  Mistake:       	White=14    	Black=9      Inaccurate:     	White=3     	Black=4      OK:         	White=18    	Black=26     Best:        	White=9     	Black=3      Strong:       	White=1     	Black=1} 0-1

[Event "FIDE WSTC Open 50 2025"]
[Site "Prague"]
[Date "2025.02.17"]
[Round "1.31"]
[White "Wolf, Volker"]
[Black "Czyz, Andrzej"]
[Result "1/2-1/2"]
[Annotator "TA"]
[ECO "C01"]
[WhiteElo "2206"]
[BlackElo "1941"]
[PlyCount "150"]
[EventDate "2025.02.17"]
[EventType "team-tourn"]
[EventCountry "CZE"]
[SourceTitle "playchess.com"]
[Source "ChessBase"]
[SourceQuality "1"]
[TimeControl "40/5400+30:1800+30"]

1. e4 e6 2. d4 d5 3. exd5 exd5 4. Nf3 Nc6 5. Bd3 Bd6 6. O-O Nge7 7. Re1 Bg4 8. c3 Qd7 9. Nbd2 Bf5 {[%emt 0:02:39] 9...f6 is the modern continuation. C01: French: Exchange Variation.} 10. Nf1 Bxd3 11. Qxd3 O-O 12. Ng3 Rae8 13. Bd2 Ng6 14. Qf5 $146 (14. Nf5 Bf4 15. g3 Bxd2 16. Nxd2 Nce7 17. Ne3 f5 18. f4 c6 19. Nf3 {1-0 Satta,V (2089)-Colombo,A (1981) Imperia op 27th 1985 (5)}) 14... Qxf5 15. Nxf5 Bf4 16. Be3 Bxe3 17. Nxe3 Nce7 18. g3 c6 {[%emt 0:00:37] Not much happening anymore. The position is symmetric and equal} 19. h4 f6 20. b3 Nc8 21. c4 dxc4 22. bxc4 (22. Nxc4 Rxe1+ 23. Rxe1 Nge7 $15) 22... b6 23. a4 a6 (23... Nd6 $14) 24. Rab1 $16 Nge7 25. d5 cxd5 26. cxd5 {[%emt 0:00:17][%csl Od5] White has a strong passed pawn} Rd8 27. Nd4 Rd6 (27... Rfe8) 28. Ne6 Re8 29. Nc7 Red8 30. Rec1 b5 31. axb5 axb5 32. Nxb5 (32. Rxb5 $142 {Ne6 is the strong threat.} Nb6 33. Rd1) 32... R6d7 33. Nc7 Nd6 34. Ne6 Rc8 35. Rxc8+ Nexc8 36. Rb8 Kf7 37. h5 {[%emt 0:02:43] White has more active pieces.} g6 38. hxg6+ hxg6 39. Kf1 Ke7 40. Ke2 Rb7 {[%emt 0:00:47] [#]} 41. Rxb7+ Nxb7 {[%emt 0:30:02][%mdl 4096] Endgame KNN-KNN. White is a pawn up.} 42. Nc4 {[%emt 0:00:21] Wards off Nb6} (42. Nf4 $16) 42... Nbd6 $1 $11 43. Ne3 Ne4 44. Nf4 g5 45. Nh5 Ncd6 {[%emt 0:00:00] Repels Nf5+} (45... Nb6 $1 $11 {keeps the balance.}) 46. f3 $16 Nc5 47. Ng7 Nb5 48. Ngf5+ Kf7 49. Kd2 Nd7 50. Nc4 Kg6 51. g4 Kf7 (51... Nc7 $14) 52. Ncd6+ (52. Kd3 $16) 52... Nxd6 $14 53. Nxd6+ {[%emt 0:00:00] KN-KN. White is a pawn up.} Ke7 54. Nc4 Nf8 55. Ke3 Ng6 56. Kd4 Nh4 57. Ke4 Ng2 ({Black should play} 57... Ng6 $14) 58. Ne3 $16 Nf4 (58... Ne1 $16 59. f4 gxf4) 59. Kf5 $18 Nd3 {[%emt 0:00:00] [#]} 60. d6+ $2 Kxd6 $11 {[%emt 0:00:00] The position is equal.} 61. Kxf6 Ne5 $1 62. Nf5+ Kd5 63. Ne3+ Kd6 64. Kxg5 Nxf3+ 65. Kf4 Ne5 66. g5 Ke6 67. Ng4 Ng6+ 68. Ke4 Ne7 69. Ne5 Kd6 70. Nd3 Ke6 71. Nf4+ Kf7 72. Kd4 Nf5+ 73. Ke5 Ne7 74. Kd6 Nf5+ 75. Ke5 Ne7 {[%emt 0:00:02] Weighted Error Value: White=0.19 (very precise) /Black=0.18 (very precise)   Missed win:     	White=1     	---        Mistake:       	White=3     	Black=7      Inaccurate:     	White=2     	Black=3      OK:         	White=19    	Black=27     Best:        	White=3     	Black=9      Strong:       	---       	Black=2} 1/2-1/2